 Dungeon Crawl Stone Soup version 0.29-a0-330-g52719c12eb (webtiles) character file.

Game seed: 7280573202560809997

7 night the Shooter (level 2, -1/18 HPs)
             Began as a Gargoyle Hunter on May 10, 2022.
             Slain by a jackal (3 damage)
             ... on level 1 of the Dungeon.
             The game lasted 00:00:52 (200 turns).

night the Shooter (Gargoyle Hunter)                  Turns: 200, Time: 00:00:53

Health: -1/18      AC:  5    Str: 14    XL:     2   Next: 0%
Magic:  2/2        EV: 11    Int:  9    God:
Gold:   18         SH:  0    Dex: 13    Spells: 1/1 levels left

rFire   . . .      SeeInvis .   a - +1 shortbow
rCold   . . .      Faith    .   (shield currently unavailable)
rNeg    + . .      Spirit   .   b - +0 leather armour
rPois   ∞          Reflect  .   (no helmet)
rElec   +          Harm     .   (no cloak)
rCorr   .          Rampage  .   (no gloves)
Will    .....                   (no boots)
Stlth   +.........              (no amulet)
HPRegen 0.06/turn               (no ring)
MPRegen 0.08/turn               (no ring)

@: no status effects
A: sickness immunity, AC +2, negative energy resistance 1, electricity
resistance, torment resistance 1, petrification resistance
a: no special abilities


You were on level 1 of the Dungeon.
You visited 1 branch of the dungeon, and saw 1 of its levels.

You collected 18 gold pieces.

Inventory:

Hand Weapons
 a - a +1 shortbow (weapon)
 e - a +0 hand axe
Armour
 b - a +0 leather armour (worn)
Scrolls
 c - a scroll of immolation
 f - a scroll of enchant armour


   Skills:
 + Level 2.5 Fighting
 + Level 4.2 Bows
 - Level 1.5 Dodging
 - Level 1.1 Stealth


You had one spell level left.
You didn't know any spells.
Your spell library was empty.

Dungeon Overview and Level Annotations

Branches:
Dungeon (1/15)

Altars:


Innate Abilities, Weirdness & Mutations

You are immune to sickness and miasma.
Your stone body is resilient. (AC +2)
You are immune to poison.
You resist negative energy. (rN+)
You are resistant to electric shocks. (rElec)
You are resistant to unholy torment.
You are immune to petrification.


Message History

You shoot an arrow. The arrow closely misses the jackal.
The arrow hits the quokka but does no damage.
The quokka is moderately wounded.
You shoot an arrow. The arrow closely misses the jackal.
The arrow hits the quokka.
The quokka is severely wounded.
The jackal barely misses you. The jackal misses you.
You shoot an arrow.
The arrow hits the jackal but does no damage.
The jackal closely misses you.
The jackal bites you but does no damage.
You shoot an arrow. The arrow hits the jackal.
You kill the jackal!
The jackal bites you. x2
* * * LOW HITPOINT WARNING * * *
You have reached level 2!
The jackal closely misses you.
You aren't carrying any items that you can evoke.
You aren't carrying any potions.
Shoot: a) +1 shortbow
Press: ? - help, Q - select action Shift-Dir - straight line, f - jackal
Aim: a jackal (55% to hit)
You shoot an arrow. The arrow completely misses the jackal.
The jackal closely misses you. The jackal bites you.
* * * LOW HITPOINT WARNING * * *
Shoot: a) +1 shortbow
Press: ? - help, Q - select action Shift-Dir - straight line, f/p - jackal
Aim: a jackal (55% to hit)
You shoot an arrow. The arrow hits the jackal.
The jackal is almost dead.
You hear a bark!
The jackal bites you but does no damage.
Shoot: a) +1 shortbow
Press: ? - help, Q - select action Shift-Dir - straight line, f - jackal, p - jackal
Aim: a jackal (55% to hit)
You shoot an arrow.
The arrow hits the jackal but does no damage.
The jackal is almost dead.
The jackal bites you.
You die...

♣..♣P♣ #......# ♣P..♣♣
#......#
♣♣♣P.♣###########......###
♣♣..♣♣...................#.#
##♣.♣♣♣....#########.#####...#
#..........# #####.######..#
#.####.....# #rh.h......#..#
....#......# #h###.#.......##
#.#.#..P♣P.# #@#............#
...........# #.#.#.........$#
....#.##.#.# #.#.###........#
.........#.# #.#..............
...#######.# #.######'#+###...
....†......# #.. #.# [.
##.######..# #.. #.# #.
#..#####.. ..# #........ ...


You could see a quokka and 2 jackals.

Vanquished Creatures
  An endoplasm (D:1)
  A goblin (D:1)
  A hobgoblin (D:1)
  A jackal (D:1)
  A quokka (D:1)
5 creatures vanquished.

Notes
Turn   | Place    | Note
-------+----------+-------------------------------------------
     0 | D:1      | night the Gargoyle Hunter began the quest for the Orb.
     0 | D:1      | Reached XP level 1. HP: 12/12 MP: 1/1
   196 | D:1      | Reached XP level 2. HP: 3/18 MP: 2/2
   198 | D:1      | HP: 2/18 [jackal (1)]
   200 | D:1      | Slain by a jackal

Illustrated notes

Levels and vault maps discovered:
D:1:      mrwooster_arrival_statue_3, layout_basic, serial_forest,
          infiniplex_forest_straight_1, infiniplex_forest_clump_tiny,
          infiniplex_forest_zigzag_2, infiniplex_forest_clump_cross,
          infiniplex_forest_clump_curved, infiniplex_forest_end_2,
          hellmonk_ecumenical_altar_dog_temple

Action                   || total
-------------------------++-------
 Fire: Shortbow          ||    33
  Use: Scroll            ||     1
Armor: Leather armour    ||    13
Dodge: Dodged            ||    24

Table legend: (Time is in decaauts)
 A = Elapsed time spent in this place.
 B = Non-inter-level travel time spent in this place.
 C = Inter-level travel time spent in this place.
 D = Time resting spent in this place.
 E = Time spent auto-exploring this place.
 F = Levels seen in this place.
 G = Mean time per level.
                   A        B        C        D        E       F      G
               +--------+--------+--------+--------+--------+-----+--------+
         Total |    210 |    210 |      0 |      0 |    143 |   1 |  210.0 |
       Dungeon |    210 |    210 |      0 |      0 |    143 |   1 |  210.0 |
               +--------+--------+--------+--------+--------+-----+--------+

Top non-repeatable levels by time:
     D:1: 210 daAuts
